 Dungeon Crawl Stone Soup version 0.31.0-11-ge490571c62 (webtiles) character file.

Game seed: 12989070920103280879

240 Chiseanne the Changeling (level 6, -2/41 HPs)
             Began as an Octopode Shapeshifter on Feb 9, 2024.
             Slain by Maggie
             ... wielding a +0 war axe
              (11 damage)
             ... on level 7 of the Dungeon.
             The game lasted 00:04:22 (2814 turns).

Chiseanne the Changeling (Octopode Shapeshifter)    Turns: 2814, Time: 00:04:23

Health: -2/41      AC:  1    Str: 13    XL:     6   Next: 8%
Magic:  6/6        EV: 14    Int: 13    God:
Gold:   264        SH:  0    Dex: 13    Spells: 5/5 levels left

rFire   . .          .
                       - Unarmed
rCold   . . .        (no shield)
rNeg    . . .        (helmet currently unavailable)
rPois   .            (no amulet)
rElec   .            (no ring)
rCorr   .            (no ring)
SInv    .            (no ring)
Will    .....        (no ring)
Stlth   +++          (no ring)
HPRegen 0.26/turn    (no ring)
MPRegen 0.10/turn    (no ring)
                     (no ring)

%: no passive effects
@: mighty, beast-form, mesmerised
A: beast (slay +2), almost no armour, amphibious, 8 rings, camouflage 1,
gelatinous body 1, (nimble swimmer 1), tentacles
a: Begin Untransformation


You were on level 7 of the Dungeon.
You were a hulking beast.
You visited 1 branch of the dungeon, and saw 5 of its levels.

You collected 264 gold pieces.

Inventory:

Hand Weapons
 m - a +0 hand axe of flaming
Missiles
 f - 3 poisoned darts
 j - 30 stones (quivered)
 l - 2 boomerangs
 n - a throwing net
Jewellery
 g - a ring of magical power
Talismans
 b - a beast talisman (active)
 c - a flux talisman
 d - a flux talisman
Wands
 k - a wand of flame (13)
Scrolls
 h - 3 scrolls of identify
 p - 2 scrolls of poison
 q - a scroll of enchant weapon
Potions
 a - 2 potions of lignification
 i - a potion of ambrosia


   Skills:
 * Level 2.9 Fighting
 * Level 3.5 Dodging
 * Level 3.8 Stealth
 - Level 3.0 Unarmed Combat
 * Level 4.0 Shapeshifting


You had 5 spell levels left.
You didn't know any spells.
Your spell library contained the following spells:

 Spells                   Type           Power      Damage    Failure   Level
 Tukima's Dance           Hex            0%         N/A       67%         3
 Dimensional Bullseye     Hex/Tloc       0%         N/A       97%         4
 Iskenderun's Mystic Bla  Conj/Tloc      0%         2d3       97%         4
 Iskenderun's Battlesphe  Conj           0%         2d6       100%        5
 Bombard                  Conj/Erth      0%         9d1       100%        6
 Spellforged Servitor     Conj/Summ      0%         N/A       100%        7


Dungeon Overview and Level Annotations

Branches:
Dungeon (4/15)
 Temple: D:4-7

Altars:
Makhleb
Vehumet
Xom

Shops:
D:1 ?

Annotations:
D:3 Terence
D:7 Maggie


Innate Abilities, Weirdness & Mutations

You are a hulking beast.
Your limbs bulge with bestial killing power. (Slay +2)
You cannot wear most types of armour.
You are amphibious.
You can wear up to eight rings at the same time.
Your skin changes colour to match your surroundings (Stealth+).
Your rubbery body absorbs attacks. (AC +1, EV +1)
((You are camouflaged when in or above water. (Stealth+)))
You have tentacles for arms and can constrict up to eight enemies at once.


Message History

Maggie shouts!
The white imp barely misses you. The white imp gestures at you.
The puff of frost hits you! The white imp gestures at you.
The puff of frost hits you!
You feel very mighty all of a sudden. The white imp hits you.
The white imp freezes you.
You tentacle-slap the white imp. You grab the white imp.
You squeeze the white imp.
You kill the white imp!
Maggie completely misses you.
You tentacle-slap Maggie. You grab Maggie.
Maggie is lightly wounded.
You constrict Maggie. Maggie barely misses you.
You tentacle-slap Maggie. You squeeze Maggie!
Maggie is moderately wounded.
You constrict Maggie.
Maggie gestures wildly while chanting.
Maggie attempts to bespell you!
You are mesmerised by Maggie!
You completely miss Maggie.
Maggie is moderately wounded.
You constrict Maggie, but do no damage. You tentacle-slap Maggie.
You squeeze Maggie.
Maggie is moderately wounded.
You constrict Maggie, but do no damage. Maggie barely misses you.
You bludgeon Maggie!
Maggie is heavily wounded.
You constrict Maggie. Maggie hits you with a +0 war axe!
* * * LOW HITPOINT WARNING * * *
You tentacle-slap Maggie.
Maggie is heavily wounded.
You constrict Maggie.
Maggie casts a spell.
Maggie draws you further into her thrall.
You bludgeon Maggie!
Maggie is almost dead.
You constrict Maggie. Maggie hits you with a +0 war axe!
You die...

.....# ..
....# ...
....##...
.........
######........
##...##.....#
#.....#.....#
#.....h@....#
#.....#.....#
##...##.....#
######..####
...# ...# ####


You could see Maggie (mesmerising).

Vanquished Creatures
  A bombardier beetle (D:3)
  A crimson imp (D:4)
  A jelly (D:4)
  An orc wizard (D:3)
  2 adders
  A shadow imp (D:3)
  A white imp (D:7)
  3 ribbon worms
  2 dart slugs
  12 orcs (D:3)
  2 endoplasms
  8 giant cockroaches
  3 goblins (D:1)
  5 hobgoblins
  6 kobolds
  4 quokkas
  3 ball pythons
  4 bats
  4 frilled lizards
  2 rats
66 creatures vanquished.

Notes
Turn   | Place    | Note
-------+----------+-------------------------------------------
     0 | D:1      | Chiseanne the Octopode Shapeshifter began the quest for the
                  | Orb.
     0 | D:1      | Reached XP level 1. HP: 13/13 MP: 1/1
    80 | D:1      | Reached skill level 1 in Stealth
    80 | D:1      | Reached XP level 2. HP: 11/18 MP: 2/2
   387 | D:1      | Found Muwuex's Magic Scroll Shoppe.
  1069 | D:2      | Reached XP level 3. HP: 18/23 MP: 3/3
  1592 | D:3      | Found a faded altar of an unknown god.
  1785 | D:3      | Reached XP level 4. HP: 25/29 MP: 4/4
  2047 | D:3      | Found a shimmering altar of Xom.
  2071 | D:3      | Reached XP level 5. HP: 34/34 MP: 5/5
  2111 | D:3      | Noticed Terence
  2752 | D:4      | Found a burning altar of Makhleb.
  2753 | D:4      | Found a radiant altar of Vehumet.
  2758 | D:4      | Reached skill level 4 in Shapeshifting
  2758 | D:4      | Reached XP level 6. HP: 37/41 MP: 6/6
  2792 | D:4      | You fall into a shaft and drop 3 floors!
  2800 | D:7      | Noticed Maggie
  2814 | D:7      | Slain by Maggie

Illustrated notes

Levels and vault maps discovered:
D:1:      lordsloth_arrival_two_stooges, layout_basic, serial_shops, shop,
          grunt_decor_cap
D:2:      layout_rooms
D:3:      layout_loops_cross, lemuel_crystal_altar, serial_glass,
          glass_columns_c, glass_columns_b, feat_on_display,
          ebering_ecumenical_altar_rust, minmay_joined_circles, uniq_terence
D:4:      layout_gridville, nicolae_overflow_crystal_walls,
          mainiacjoe_overflow_chevrons,
          grunt_temple_overflow_lords_of_destruction,
          hangedman_abyss_or_decor_stabs, minmay_bisected, uniq_edmund
D:7:      layout_basic, minmay_misc_feat_enclosed, nicolae_tricolors,
          uniq_maggie

Skill      XL: |  1  2  3  4  5 |
---------------+----------------+-----
Stealth        | 1 2 3 |  3.8
Fighting       | 2 |  2.9
Dodging        | 3 |  3.5
Shapeshifting  | 4 |  4.0
Unarmed Combat | |  3.0

Action                     |  1- 3 |  4- 6 || total
---------------------------+-------+-------++-------
  Melee: Unarmed           |    65 |    85 ||   150
         Constrict         |    17 |    27 ||    44
         Tentacles         |     9 |    25 ||    34
         Punch             |       |     1 ||     1
  Throw: Stone             |       |     1 ||     1
    Use: Scroll            |     6 |     1 ||     7
         Potion            |       |     1 ||     1
   Stab: Sleeping          |     6 |     4 ||    10
 Armour: Skin              |    19 |    31 ||    50
  Dodge: Dodged            |    31 |    38 ||    69
   Form: Beast             |     1 |       ||     1
